 Dungeon Crawl Stone Soup version 0.31-a0-496-g6f97920a28 (webtiles) character file.

Game seed: 12748108746674825525

339 kae the Changeling (level 6, -3/47 HPs)
             Began as a Draconian Shapeshifter on Aug 8, 2023.
             Killed from afar by a steam dragon (8 damage)
             ... with a ball of steam
             ... on level 5 of the Dungeon.
             The game lasted 00:03:18 (2905 turns).

kae the Changeling (Draconian Shapeshifter)         Turns: 2905, Time: 00:03:19

Health: -3/47      AC:  6    Str: 17    XL:     6   Next: 29%
Magic:  6/6        EV: 12    Int:  8    God:
Gold:   150        SH:  5    Dex: 14    Spells: 5/5 levels left

rFire   . .          .
                       - Unarmed
rCold   . . .        (no shield)
rNeg    . . .        (body armour unavailable)
rPois   .            (helmet currently unavailable)
rElec   .            (cloak currently unavailable)
rCorr   .            (gloves currently unavailable)
SInv    .            (boots currently unavailable)
Will    +....        f - amulet of reflection
Stlth   +            o - ring of willpower
HPRegen 0.27/turn    (no ring)
MPRegen 0.10/turn

%: reflection
@: beast-form
A: beast (slay +3), AC +6, unfitting armour, cold-blooded
a: Begin Untransformation


You were on level 5 of the Dungeon.
You were a hulking beast.
You visited 1 branch of the dungeon, and saw 5 of its levels.

You collected 150 gold pieces.


Innate Abilities, Weirdness & Mutations

You are a hulking beast.
Your limbs bulge with bestial killing power. (Slay +3)
Your plain brown scales are hard. (AC +6)
You cannot fit into any form of body armour.
You are cold-blooded and may be slowed by cold attacks.


   Skills:
 - Level 1.1 Fighting
 - Level 1.7 Dodging
 + Level 4.7 Unarmed Combat
 * Level 5.3 Shapeshifting


You had 5 spell levels left.
You didn't know any spells.
Your spell library contained the following spells:

 Spells                   Type           Power      Damage    Failure   Level
 Cigotuvi's Dreadful Rot  Necr/Pois/Air  0%         N/A       54%         2
 Ensorcelled Hibernation  Hex/Ice        0%         N/A       54%         2
 Call Canine Familiar     Summ           0%         N/A       78%         3
 Ignite Poison            Fire/Tmut/Pois 0%         N/A       78%         3
 Portal Projectile        Hex/Tloc       0%         N/A       78%         3
 Vhi's Electric Charge    Tloc/Air       0%         N/A       78%         3
 Anguish                  Hex/Necr       0%         N/A       99%         4
 Leda's Liquefaction      Hex/Erth       0%         N/A       99%         4
 Arcjolt                  Conj/Air       0%         1d10      100%        5
 Freezing Cloud           Conj/Ice/Air   0%         6-21      100%        5
 Maxwell's Capacitive Co  Air            0%         ∞         100%        8

Inventory:

Missiles
 d - 35 stones
 l - 6 poisoned darts
 n - 2 throwing nets {=f!f}
Jewellery
 f - an amulet of reflection (around neck)
   (You found it on level 2 of the Dungeon)
 o - a ring of willpower (left hand)
   (You took it off a hobgoblin on level 4 of the Dungeon)
Talismans
 b - a beast talisman (active)
 c - a flux talisman
Scrolls
 a - a scroll of torment {!r}
 e - a scroll of revelation
 i - 3 scrolls of teleportation {@r4}
 j - 2 scrolls of fog
Potions
 g - a potion of haste {@q3}
 k - 2 potions of invisibility
 p - 2 potions of degeneration {!q}

Dungeon Overview and Level Annotations

Branches:
Dungeon (5/15) Zot: 26905
 Temple: D:4-7

Altars:
Fedhas
Makhleb

Annotations:
D:2 1 runed translucent door, Crazy Yiuf

... ...#........## #..
#..... .....#. # #...
..............###. #...
##... .............
##...##...##.............
........h##......##......
.........##.##...........
.##.##hD##.##...........
#.h##........###.##
##....#####....#...
.#.##.<....##..#....#.
........##.##.###.#...
..#.....##......#.....
...##.###........###..
.#. #.##..........##.. .
# ..##..........###.
...##..........##..


You could see a steam dragon (catching breath) and 2 jackals.


Message History

A dart slug comes into view.
You see here a scroll of revelation.
A dart slug is nearby!
The dart slug launches a dart at you. The slug dart misses you.
The dart slug launches a dart at you.
The slug dart hits you but does no damage.
A dart slug is nearby!
A hound comes into view.
The hound barks!
You hit the dart slug. The dart slug launches a dart at you.
The slug dart hits you but does no damage.
You punch the dart slug!
You kill the dart slug!
A hound is nearby!
A hound is nearby!
You closely miss the hound.
Your tail-slap misses the hound.
The hound misses you. You block the hound's attack.
You barely miss the hound.
Your tail-slap misses the hound.
You block the hound's attack.
A hound is nearby!
You hit the hound. You tail-slap the hound. The hound closely misses you. x2
You barely miss the hound. The hound bites you but does no damage.
You punch the hound! The hound bites you but does no damage.
You miss the hound. You tail-slap the hound.
You kill the hound!
e - a scroll of revelation No target in view!
No target in view!
Found a stone staircase leading up.
No target in view!
No target in view!
A steam dragon comes into view.
A steam dragon is nearby!
A steam dragon is nearby!
The steam dragon bites you. The steam dragon closely misses you.
You hit the steam dragon. Your punch misses the steam dragon.
The steam dragon bites you.
You block the steam dragon's attack. 😕 HP[-8]
You take 8 damage, and now have 39/47 hp.
You closely miss the steam dragon. The steam dragon breathes steam at you.
The ball of steam hits you!
You hear a bark! x3
You are too injured to fight recklessly! 😮 HP[-15]
You take 15 damage, and now have 24/47 hp.
MASSIVE DAMAGE!! (PAUSE)
You hit the steam dragon. You tail-slap the steam dragon.
You are engulfed in a cloud of scalding steam.
* * * LOW HITPOINT WARNING * * *
The steam dragon bites you.
* * * LOW HITPOINT WARNING * * *
The steam dragon misses you. 😨 HP[-12]
You take 12 damage, and now have 12/47 hp.
MASSIVE DAMAGE!! (PAUSE)
You closely miss the steam dragon.
You are engulfed in a cloud of scalding steam.
* * * LOW HITPOINT WARNING * * *
😱 HP[-9]
You take 9 damage, and now have 3/47 hp.
Unknown command.
You feel better. The steam dragon breathes steam at you.
The ball of steam hits you.
* * * LOW HITPOINT WARNING * * *
A jackal comes into view.
You hear an angry hiss. 😱 HP[+3]
You regained 3 hp, and now have 6/47 hp.
Unknown command.
Okay, then.
The jackal barks!
You hit the steam dragon.
You hear a bark!
You block the steam dragon's attack. x2
Unknown command.
A jackal comes into view. 😱 HP[+1] Unknown command.
You hit the steam dragon. The steam dragon closely misses you.
The steam dragon misses you.
Unknown command.
You hit the steam dragon.
You tail-slap the steam dragon, but do no damage.
The jackal bites you.
* * * LOW HITPOINT WARNING * * *
The steam dragon closely misses you.
The steam dragon claws you but does no damage. 😱 HP[-1]
You take 1 damage, and now have 6/47 hp.
Unknown command.
You hit the steam dragon but do no damage.
The jackal bites you.
* * * LOW HITPOINT WARNING * * *
The steam dragon breathes steam at you. The ball of steam hits you!
You die...

Skill      XL: |  1  2  3  4  5 |
---------------+----------------+-----
Shapeshifting  | 4 5 |  5.3
Unarmed Combat | 4 |  4.7
Fighting       | |  1.1
Dodging        | |  1.7

Action                     |  1- 3 |  4- 6 || total
---------------------------+-------+-------++-------
  Melee: Unarmed           |    81 |   162 ||   243
         Tailslap          |     8 |    17 ||    25
         Punch             |     3 |     5 ||     8
    Use: Scroll            |     3 |     9 ||    12
         Potion            |       |     5 ||     5
   Stab: Sleeping          |     2 |       ||     2
         Distracted        |       |     1 ||     1
 Armour: Skin              |    15 |    62 ||    77
  Dodge: Dodged            |    42 |    60 ||   102
  Block: Other             |       |    45 ||    45
         Reflection        |       |     3 ||     3

Levels and vault maps discovered:
D:1:      dpeg_arrival_arbitrary_c, layout_loops_cross, minmay_tetromino_o2
D:2:      layout_loops_cross, basic_altar, minmay_misc_feat_four_crosses,
          uniq_crazy_yiuf_cottage, uniq_jessica
D:3:      layout_loops_ring, corexii_hall_statues_x
D:4:      minmay_chambers_of_threes, layout_basic, mainiacjoe_overflow_alcove_4
D:5:      layout_rooms, tgw_kikubaaqudgha

Notes
Turn   | Place    | Note
-------+----------+-------------------------------------------
     0 | D:1      | kae the Draconian Shapeshifter began the quest for the Orb.
     0 | D:1      | Reached XP level 1. HP: 16/16 MP: 1/1
     0 | D:1      | magus.rc [v1.11.3]
   211 | D:1      | You pick up a book of the Hunter and begin reading...
   211 | D:1      | You add the spells Call Canine Familiar, Portal Projectile
                  | and Leda's Liquefaction to your library.
   238 | D:1      | Reached XP level 2. HP: 23/23 MP: 2/2
   561 | D:1      | You add the spells Cigotuvi's Dreadful Rot, Ignite Poison
                  | and Freezing Cloud to your library.
   594 | D:2      | Noticed Jessica
   603 | D:2      | Killed Jessica
   604 | D:2      | Reached XP level 3. HP: 28/28 MP: 3/3
   972 | D:2      | Found a blossoming altar of Fedhas.
   992 | D:2      | Reached skill level 4 in Shapeshifting
  1075 | D:2      | Reached XP level 4. HP: 34/35 MP: 4/4
  1184 | D:2      | Found a runed translucent door.
  1185 | D:2      | Noticed Crazy Yiuf
  1990 | D:4      | Reached skill level 4 in Unarmed Combat
  2090 | D:4      | You pick up a book of Dreams and begin reading...
  2090 | D:4      | You add the spells Ensorcelled Hibernation and Anguish to
                  | your library.
  2149 | D:4      | Found a burning altar of Makhleb.
  2157 | D:4      | Reached XP level 5. HP: 40/40 MP: 5/5
  2193 | D:4      | You add the spells Vhi's Electric Charge, Arcjolt and
                  | Maxwell's Capacitive Coupling to your library.
  2565 | D:4      | HP: 6/40 [wight/+5 long sword (10)]
  2565 | D:4      | HP: 2/38 [wight/+5 long sword (4)]
  2570 | D:4      | Reached skill level 5 in Shapeshifting
  2631 | D:4      | Reached XP level 6. HP: 35/47 MP: 6/6
  2810 | D:5      | Entered Level 5 of the Dungeon
  2891 | D:5      | Noticed a steam dragon
  2898 | D:5      | HP: 2/47 [steam dragon] (10)]
  2904 | D:5      | HP: 6/47 [jackal (1)]
  2905 | D:5      | Killed from afar by a steam dragon

Vanquished Creatures
  A wight (D:4)
  A gnoll bouda (D:4)
  A hound (D:5)
  An iguana (D:4)
  Jessica (D:2)
  5 adders
  3 gnolls (D:4)
  A worm (D:2)
  A dart slug (D:5)
  6 orcs
  2 bats (D:2)
  9 endoplasms
  3 giant cockroaches
  10 goblins
  6 hobgoblins
  A jackal (D:4)
  11 quokkas
  5 ball pythons
  4 frilled lizards
  8 kobolds
  7 rats
87 creatures vanquished.

Table legend:
 A = Non-vault XP
 B = Vault XP
 C = Vault XP percentage of total XP
 D = Non-vault monster count
 E = Vault monster count
 F = Vault count percentage of total count
                 A         B        C        D         E       F
            +---------+---------+-------+---------+---------+-------
      Total |     287 |     198 |  40.8 |      72 |      15 |  17.2
            +---------+---------+-------+---------+---------+-------
        D:1 |      28 |       3 |   9.7 |      19 |       2 |   9.5
        D:2 |      30 |      37 |  55.2 |      15 |       1 |   6.2
        D:3 |      59 |       0 |   0.0 |      20 |       0 |   0.0
        D:4 |     120 |     158 |  56.8 |      15 |      12 |  44.4
        D:5 |      50 |       0 |   0.0 |       3 |       0 |   0.0
            +---------+---------+-------+---------+---------+-------

Skill      XL: |  1  2  3  4  5 |
---------------+----------------+-----
Shapeshifting  | 4 5 |  5.3
Unarmed Combat | 4 |  4.7
Fighting       | |  1.1
Dodging        | |  1.7

Action                     |  1- 3 |  4- 6 || total
---------------------------+-------+-------++-------
  Melee: Unarmed           |    81 |   162 ||   243
         Tailslap          |     8 |    17 ||    25
         Punch             |     3 |     5 ||     8
    Use: Scroll            |     3 |     9 ||    12
         Potion            |       |     5 ||     5
   Stab: Sleeping          |     2 |       ||     2
         Distracted        |       |     1 ||     1
 Armour: Skin              |    15 |    62 ||    77
  Dodge: Dodged            |    42 |    60 ||   102
  Block: Other             |       |    45 ||    45
         Reflection        |       |     3 ||     3

Illustrated notes

Table legend:
 A = Kills in this place as a percentage of kills in the entire game.
 B = Kills by you in this place as a percentage of kills by you in the entire game.
 C = Kills by friends in this place as a percentage of kills by friends in the entire game.
 D = Other kills in this place as a percentage of other kills in the entire game.
 E = Experience gained in this place as a percentage of experience gained in the entire game.
 F = Experience gained in this place divided by the number of levels of this place that you have seen.
                   A       B       C       D       E      F
               +-------+-------+-------+-------+-------+----------------------
         Total | 100.0 | 100.0 |   N/A |   N/A | 100.0 |  97.0
       Dungeon | 100.0 | 100.0 |   N/A |   N/A | 100.0 |  97.0
               +-------+-------+-------+-------+-------+----------------------

Table legend: (Time is in decaauts)
 A = Elapsed time spent in this place.
 B = Non-inter-level travel time spent in this place.
 C = Inter-level travel time spent in this place.
 D = Time resting spent in this place.
 E = Time spent auto-exploring this place.
 F = Levels seen in this place.
 G = Mean time per level.
                   A        B        C        D        E       F      G
               +--------+--------+--------+--------+--------+-----+--------+
         Total |   2887 |   2739 |    148 |     82 |   2105 |   5 |  577.4 |
       Dungeon |   2887 |   2739 |    148 |     82 |   2105 |   5 |  577.4 |
               +--------+--------+--------+--------+--------+-----+--------+

Top non-repeatable levels by time:
     D:4: 909 daAuts
     D:3: 650 daAuts
     D:2: 643 daAuts
     D:1: 591 daAuts
     D:5: 93 daAuts
